 Dungeon Crawl Stone Soup version 0.24.0-123-gd5b16e6ec5 (webtiles) character file.

Game seed: 6028347022035268482, levelgen mode: deterministic

188 Norian the Conjurer (level 5, -5/38 HPs)
             Began as a Draconian Conjurer on Dec 21, 2019.
             Killed by divine providence
             ... invoked by an orc priest
              (10 damage)
             ... on level 4 of the Dungeon.
             The game lasted 00:05:04 (3111 turns).

Norian the Conjurer (Draconian Conjurer)            Turns: 3111, Time: 00:05:04

Health: -5/38      AC:  6    Str: 11    XL:     5   Next: 39%
Magic:  10/10      EV: 12    Int: 16    God:
Gold:   134        SH:  0    Dex: 11    Spells: 2/11 levels left

rFire    . . .     SeeInvis .   g - +0 dagger (flame)
rCold    . . .     Gourm    .   (no shield)
rNeg     . . .     Faith    .   (armour unavailable)
rPois    .         Spirit   .   (helmet restricted)
rElec    .         Reflect  .   (no cloak)
rCorr    .         Harm     .   k - +0 pair of gloves
MR       .....                  (no boots)
Stlth    ++........             (no amulet)
HPRegen  0.12/turn              e - ring of flight
MPRegen  0.12/turn              (no ring)

@: no status effects
A: unfitting armour, cold-blooded, AC +5
a: Evoke Flight


You were on level 4 of the Dungeon.
You were very hungry.

You visited 1 branch of the dungeon, and saw 5 of its levels.

You collected 134 gold pieces.

Inventory:

Hand Weapons
 g - a +0 dagger of flaming (weapon)
Armour
 k - a +0 pair of gloves (worn)
 p - a +0 buckler
Jewellery
 e - a ring of flight (left hand)
 u - a +2 ring of intelligence {unknown}
Scrolls
 c - 6 scrolls of remove curse {unknown}
 d - 7 scrolls of identify {unknown}
 i - 2 scrolls of teleportation {unknown}
 j - a scroll of immolation {unknown}
 n - 2 scrolls of fear {unknown}
 r - a scroll of fog {unknown}
 s - a scroll of blinking {unknown}
Potions
 a - 8 potions of curing {unknown}
 f - a potion of haste {unknown}
 h - a potion of agility {unknown}
 l - a potion of lignification {unknown}
 m - 3 potions of brilliance {unknown}
 o - 2 potions of degeneration {unknown}
 q - a potion of mutation {unknown}
 t - a potion of berserk rage {unknown}
Comestibles
 b - 5 rations


   Skills:
 - Level 1.7 Dodging
 - Level 1.7 Stealth
 + Level 3.8 Spellcasting
 + Level 5.4 Conjurations
 + Level 0.8 Hexes


You had 2 spell levels left.
You knew the following spells:

 Your Spells              Type           Power        Failure   Level  Hunger
a - Magic Dart            Conj           ###.         1%          1    None
b - Iskenderun's Mystic   Conj           ###.....     19%         4    ####...
c - Fulminant Prism       Conj/Hex       ##........   43%         4    ####...

Your spell library contained the following spells:

 Spells                   Type           Power        Failure   Level  Hunger
 Searing Ray              Conj           ###...       2%          2    ##.....
 Dazzling Spray           Conj/Hex       ##....       14%         3    ###....
 Force Lance              Conj/Tloc      ##......     50%         4    ####...


Dungeon Overview and Level Annotations

Branches:
Dungeon (5/15)
 Temple: D:4-7

Altars:
Hepliaklqana


Innate Abilities, Weirdness & Mutations

Your plain brown scales are hard. (AC +5)
You cannot fit into any form of body armour.
You are cold-blooded and may be slowed by cold attacks.


Message History

You climb downwards.
The orc warrior hits you with a +0 trident!
The orc priest barely misses you.
There is a stone staircase leading up here.
The orc priest mumbles some strange prayers to Beogh against you.
Pain shoots through your body! The hound zombie barely misses you.
The orc warrior hits you with a +0 trident.
You climb upwards.
There is a stone staircase leading down here.
Unknown command.
Casting: Magic Dart (safe; 1% risk of failure)
Confirm with . or Enter, or press ? or * to list all spells.
Okay, then.
The orc priest invokes the aid of Beogh against you.
Pain shoots through your body!
* * * LOW HITPOINT WARNING * * *
The orc warrior closely misses you.
The orc priest mumbles some strange prayers to Beogh against you.
Beogh smites you!
You die...

#####.....#..#..............#.###
......#####.....###.########.#...
#####.#####..##.# #.# #.###..
#...........##.###.# ##.#.##
#.##.##.#..........# ##.....
#.##.##.#.#....oo.## #......
##.##....#.#####...# #<..##.
...##.##.#.## #...###### #...##.
##.##.......####@.......# #...##.
##......................###...##.
##...............................
##.##.##.##.............##.......
...##.##.##.###.....###.##.##.##.
............# #.........##.##.##.
##.########## #.....######.##.##.
#.# #.....# #.##.... ##.#########
#.....# #.......


You could see an orc warrior and an orc priest.

Vanquished Creatures
  7 adders
  2 oozes
  2 worms
  12 dart slugs
  5 leopard geckos
  7 orcs (D:3)
  7 bats
  2 giant cockroaches (D:3)
  9 goblins
  7 hobgoblins
  3 ball pythons
  5 frilled lizards
  6 kobolds
  5 rats
79 creatures vanquished.

Vanquished Creatures (others)
  3 plants (D:3)
3 creatures vanquished.

Grand Total: 82 creatures vanquished

Notes
Turn   | Place    | Note
-------+----------+-------------------------------------------
     0 | D:1      | Norian the Draconian Conjurer began the quest for the Orb.
     0 | D:1      | Reached XP level 1. HP: 14/14 MP: 3/3
   200 | D:1      | Reached XP level 2. HP: 11/20 MP: 0/5
   821 | D:2      | Reached XP level 3. HP: 20/26 MP: 1/7
  1212 | D:2      | Reached XP level 4. HP: 33/33 MP: 2/8
  1234 | D:2      | Found a hazy altar of Hepliaklqana.
  1404 | D:3      | Reached skill level 5 in Conjurations
  2154 | D:3      | Learned a level 4 spell: Iskenderun's Mystic Blast
  2159 | D:3      | Learned a level 4 spell: Fulminant Prism
  2171 | D:3      | Reached XP level 5. HP: 38/38 MP: 6/10
  2576 | D:3      | Found a faded altar of an unknown god.
  3081 | D:5      | Entered Level 5 of the Dungeon
  3081 | D:5      | Noticed an ice beast
  3081 | D:5      | Noticed an orc warrior
  3111 | D:4      | Killed from afar by an orc priest

Levels and vault maps discovered:
D:1:      mrwooster_arrival_statue_3, layout_loops_cross, minmay_ruptured
D:2:      layout_rooms, old_standard_altar
D:3:      kennysheep_slugbush, layout_loops_ring,
          chequers_ecumenical_altar_lobes
D:4:      layout_loops_cross, first_ration
D:5:      layout_basic, minmay_temple_entry_sparse_star

Skill      XL: |  1  2  3  4 |
---------------+-------------+-----
Spellcasting   | 3 |  3.8
Conjurations   | 5 |  5.4
Dodging        | |  1.7
Stealth        | |  1.7
Hexes          | |  0.8

Action                   |  1- 3 |  4- 6 || total
-------------------------+-------+-------++-------
Melee: Unarmed           |    22 |       ||    22
       Dagger            |    17 |    24 ||    41
       Tailslap          |     2 |     3 ||     5
 Cast: Magic Dart        |    65 |   105 ||   170
  Eat: Chunk             |     1 |     5 ||     6
Armor: Skin              |    26 |    14 ||    40
Dodge: Dodged            |    44 |    23 ||    67
